 Dungeon Crawl Stone Soup version 0.29.1-12-g30fa7ad0bf (webtiles) character file.

Game seed: 17781570074047096363

117958 stebl the Severer (level 16, -16/144 HPs)
             Began as a Demonspawn Gladiator on Dec 28, 2022.
             Was the Champion of Okawaru.
             Killed from afar by a will-o-the-wisp (28 damage)
             ... with a foxfire
             ... on level 1 of the Swamp on Dec 29, 2022.
             The game lasted 02:37:30 (35408 turns).

stebl the Severer (Demonspawn Gladiator)           Turns: 35408, Time: 02:37:31

Health: -16/144    AC: 23    Str: 23    XL:     16   Next: 24%
Magic:  0/25       EV: 21    Int: 10    God:    Okawaru [******]
Gold:   1909       SH:  5    Dex: 20    Spells: 15/15 levels left

rFire   . . .      SeeInvis .   N - +1 battleaxe (freeze)
rCold   + . .      Faith    .   (shield currently unavailable)
rNeg    . . .      Spirit   +   V - +2 plate armour {rC+}
rPois   +          Reflect  +   M - +0 hat of Evolution {Rampage Drain rElec Dex+6}
rElec   +          Harm     .   s - +0 cloak of Free Will {Stlth+}
rCorr   .          Rampage  +   z - +0 pair of gloves
Will    +....                   (boots unavailable)
Stlth   ..........              W - amulet of reflection
HPRegen 0.34/turn               P - ring of poison resistance
MPRegen 0.38/turn               E - +4 ring of evasion

@: agile, heroic, studying Throwing
A: hooves 3, rugged brown scales 2, powered by pain 1, magic shield, magic
regeneration
a: Renounce Religion, Heroism, Finesse, Duel


You were on level 1 of the Swamp.
You worshipped Okawaru.
Okawaru was exalted by your worship.
You visited 6 branches of the dungeon, and saw 25 of its levels.
You also visited: Ossuary, Bailey and Ice Cave.

You collected 3343 gold pieces.
You spent 1434 gold pieces at shops.


Innate Abilities, Weirdness & Mutations

You have hooves in place of feet.
You are mostly covered in rugged brown scales. (AC +2, +5% HP)
You sometimes gain a little power by taking damage.
When hurt, damage is shared between your health and your magic reserves.
You regenerate magic rapidly.


   Skills:
 + Level 15.9(20.9) Fighting
 + Level 18.8(23.8) Axes
 + Level 9.3(14.3) Throwing
 - Level 8.0(13.0) Armour
 + Level 3.3(8.3) Dodging
 - Level 12.0 Invocations


You had 15 spell levels left.
You didn't know any spells.
Your spell library contained the following spells:

 Spells                   Type           Power      Damage    Failure   Level
 Apportation              Tloc           0%         N/A       98%         1
 Magic Dart               Conj           0%         1d3       98%         1
 Sandblast                Erth           0%         2d4       98%         1
 Shock                    Conj/Air       0%         1d3       98%         1
 Blink                    Tloc           0%         N/A       99%         2
 Ensorcelled Hibernation  Hex/Ice        0%         N/A       99%         2
 Passwall                 Tmut/Erth      0%         N/A       99%         2
 Scorch                   Fire           0%         2d5       99%         2
 Searing Ray              Conj           0%         2d4       99%         2
 Static Discharge         Conj/Air       0%         3-3/arc   99%         2
 Portal Projectile        Hex/Tloc       0%         N/A       100%        3
 Spider Form              Tmut/Pois      0%         N/A       100%        3
 Stone Arrow              Conj/Erth      0%         3d7       100%        3
 Swiftness                Air            0%         N/A       100%        3
 Airstrike                Air            0%         2d(0-16)  100%        4
 Anguish                  Hex/Necr       0%         N/A       100%        4
 Dispel Undead            Necr           0%         3d6       100%        4
 Flame Wave               Conj/Fire      0%         2d4       100%        4
 Fulminant Prism          Conj/Hex       0%         3d6       100%        4
 Iskenderun's Mystic Bla  Conj/Tloc      0%         2d3       100%        4
 Leda's Liquefaction      Hex/Erth       0%         N/A       100%        4
 Petrify                  Tmut/Erth      0%         N/A       100%        4
 Sticky Flame             Conj/Fire      0%         2d3       100%        4
 Alistair's Intoxication  Tmut/Pois      0%         N/A       100%        5
 Blade Hands              Tmut           0%         N/A       100%        5
 Borgnjor's Vile Clutch   Necr/Erth      0%         N/A       100%        5
 Freezing Cloud           Conj/Ice/Air   0%         6-21      100%        5
 Lee's Rapid Deconstruct  Erth           0%         3d5*      100%        5
 Manifold Assault         Tloc           0%         N/A       100%        5
 Metabolic Englaciation   Hex/Ice        0%         N/A       100%        5
 Iron Shot                Conj/Erth      0%         9d1       100%        6
 Statue Form              Tmut/Erth      0%         N/A       100%        6
 Storm Form               Tmut/Air       0%         N/A       100%        7
 Maxwell's Capacitive Co  Air            0%         ∞         100%        8
 Polar Vortex             Ice            0%         N/A       100%        9
 Tukima's Dance           Hex            Unusable   N/A       N/A         3
 Animate Armour           Summ/Erth      Unusable   N/A       N/A         4
 Animate Dead             Necr           Unusable   N/A       N/A         4
 Summon Lightning Spire   Summ/Air       Unusable   N/A       N/A         4
 Death Channel            Necr           Unusable   N/A       N/A         6
 Simulacrum               Ice/Necr       Unusable   N/A       N/A         6
 Summon Cactus Giant      Summ           Unusable   N/A       N/A         6

Inventory:

Hand Weapons
 a - a +1 war axe of flaming
 k - the +2 mace of Baguhom {drain, rPois}
   (You took it off a gnoll sergeant on level 8 of the Dungeon)

   A truly terrible weapon, it drains the life of any living foe it strikes.
   rPois:     It protects you from poison.
 K - a +0 vorpal executioner's axe
 N - a +1 battleaxe of freezing (weapon)
 U - the +1 battleaxe of the Evil Eye {vorpal, rPois rC+++ Str-3 Dex-4}
   (Okawaru gifted it to you on level 11 of the Dungeon)

   It inflicts extra damage upon your enemies.
   Str:       It affects your strength (-3).
   Dex:       It affects your dexterity (-4).
   rC:        It renders you almost immune to cold.
   rPois:     It protects you from poison.
Missiles
 u - 3 silver boomerangs
 A - 9 boomerangs (quivered)
 H - 4 throwing nets {=f}
 R - 5 javelins
 S - 2 silver javelins
Armour
 s - the +0 cloak of Free Will (worn) {Stlth+}
   (Okawaru gifted it to you on level 15 of the Dungeon)

   Stlth:     It makes you more stealthy.
 z - a +0 pair of gloves (worn)
 I - a +2 helmet of see invisible
 M - the +0 hat of Evolution (worn) {Rampage Drain rElec Dex+6}
   (Okawaru gifted it to you on level 1 of the Swamp)

   Dex:       It affects your dexterity (+6).
   rElec:     It insulates you from electricity.
   Drain:     It drains your maximum health when unequipped.
   Rampage:   It bestows one free step when moving towards enemies.
 V - a +2 plate armour of cold resistance (worn)
Jewellery
 c - a ring of protection from cold
 d - a +6 ring of dexterity
 E - a +4 ring of evasion (right hand)
 F - a ring of protection from fire
 O - a +4 ring of protection
 P - a ring of poison resistance (left hand)
 W - an amulet of reflection (around neck)
Wands
 b - a wand of flame (19)
 p - a wand of roots (8)
 r - a wand of mindburst (8)
 v - a wand of polymorph (12)
Scrolls
 h - 5 scrolls of teleportation {@r4}
 m - 3 scrolls of blinking
 n - 3 scrolls of vulnerability
 C - 6 scrolls of enchant weapon
 G - 2 scrolls of immolation
 J - a scroll of enchant armour
 Q - 2 scrolls of fear
 T - 3 scrolls of identify {@r1}
 Z - 3 scrolls of poison
Potions
 e - 5 potions of lignification
 f - 15 potions of curing {@q1}
 g - 3 potions of attraction
 i - 3 potions of haste {@q3}
 j - 4 potions of might
 l - 9 potions of magic
 o - 3 potions of invisibility
 q - 4 potions of cancellation
 t - 3 potions of mutation
 w - 4 potions of resistance
 x - 8 potions of heal wounds {@q2}
 y - a potion of berserk rage {!q}
 B - 3 potions of flight
 L - 4 potions of brilliance
Miscellaneous
 D - a lightning rod (4/4)
 Y - a piece from Xom's chessboard (15/15)

Dungeon Overview and Level Annotations

Branches:
Dungeon (15/15)            Temple (1/1) D:6            Lair (5/5) D:10
  Swamp (1/4) Lair:3       Spider (1/4) Lair:3        Slime (0/5) Lair:5
    Orc (2/2) D:12            Elf (0/3) Orc:2        Vaults (0/5) D:13
 Depths (0/4) D:15        Ossuary (visited)          Bailey (visited)
  IceCv (visited)

Altars:
Ashenzari
Cheibriados
Dithmenos
Fedhas
Gozag
Hepliaklqana
Kikubaaqudgha
Makhleb
Nemelex Xobeh
Okawaru
Qazlal
Ru
Sif Muna
Trog
Uskayaw
Vehumet
Wu Jian
Xom
Yredelemnul
Jiyva

Shops:
D:13 (   Orc:2 [(=*

Portals:
Trove: D:12 (give 6 scrolls of blinking)

Annotations:
D:6 2 runed translucent doors, soggyman666's ghost, novice MiFi

♣...~~.~.
♣.~[....♣
♣.~~...~.
♣♣..§..D♣♣
♣...§v.~.♣
♣....§§§.
♣.~~~.†v♣
♣...~§♣@♣
♣..~~..♣.♣
♣~.~~.♣♣♣~.
♣..~.♣.~.♣♣.~
♣~.....~♣.♣ ♣.♣
♣.....♣♣.♣ .
♣♣~.~~..♣.♣
♣~~~...♣...♣
♣♣.....[..♣.♣..


You could see a four-headed hydra and a will-o-the-wisp.


Message History

2 foxfires come into view.
You closely miss the alligator. You kick the alligator!
You kill the alligator!
Okawaru accepts your kill.
You slice the bunyip!! You freeze the bunyip. You closely miss the foxfire.
The foxfire hits you!
* * * LOW HITPOINT WARNING * * *
The foxfire hits you!
* * * LOW HITPOINT WARNING * * *
The foxfire hits you!
* * * LOW HITPOINT WARNING * * *
The will-o-the-wisp gestures.
The will-o-the-wisp conjures some foxfire! 2 foxfires come into view.
You closely miss the bunyip. You kick the bunyip.
The bunyip is severely wounded.
You barely miss the foxfire. The foxfire hits you.
* * * LOW HITPOINT WARNING * * *
The foxfire hits you.
* * * LOW HITPOINT WARNING * * *
The foxfire hits you!!
* * * LOW HITPOINT WARNING * * *
You focus on the pain.
You feel more agile all of a sudden.
The bunyip howls a warning cry!
You slice the bunyip!! You freeze the bunyip!
You kill the bunyip!
Okawaru accepts your kill. The foxfire hits you!!
You die...

Skill      XL: |  1  2  3  4  5  6  7  8  9 10 11 12 13 14 15 16 |
---------------+-------------------------------------------------+-----
Axes           | 3 4 5 6 7 9 10 12 14 15 16 17 18 | 18.8
Fighting       | 3 4 5 7 8 9 10 12 13 14 15 | 15.9
Invocations    | 5 6 9 11 12 | 12.0
Armour         | 3 6 8 |  8.0
Throwing       | 3 8 9 |  9.3
Dodging        | 3 |  3.3

Action                   |  1- 3 |  4- 6 |  7- 9 | 10-12 | 13-15 | 16-18 || total
-------------------------+-------+-------+-------+-------+-------+-------++-------
Melee: War axe           |   108 |   177 |   285 |   154 |    24 |       ||   748
       Kick              |       |    49 |    75 |    37 |   291 |    64 ||   516
       Punch             |       |     2 |     6 |     6 |     1 |       ||    15
       Battleaxe         |       |       |       |   504 |  1093 |   158 ||  1755
Throw: Stone             |     1 |       |     8 |     6 |       |       ||    15
       Javelin           |       |    13 |    23 |    11 |   122 |     5 ||   174
       Dart              |       |     3 |    23 |   124 |    25 |       ||   175
       Boomerang         |       |       |     6 |    20 |   148 |    21 ||   195
       Throwing net      |       |       |       |     2 |     1 |       ||     3
Invok: Heroism           |       |       |     2 |     7 |     6 |     2 ||    17
       Duel              |       |       |       |       |     1 |       ||     1
Evoke: Wand              |       |       |    15 |    12 |    25 |       ||    52
       Lightning rod     |       |       |       |       |     6 |       ||     6
  Use: Scroll            |       |     6 |     4 |    11 |    11 |       ||    32
       Potion            |       |       |     1 |     7 |     3 |     1 ||    12
 Stab: Invisible         |       |       |     1 |    11 |     2 |       ||    14
       Held in net/web   |       |       |       |     3 |       |       ||     3
Armor: Leather armour    |    12 |       |       |       |       |       ||    12
       Scale mail        |    23 |    53 |   101 |   263 |   168 |       ||   608
       Skin              |       |       |       |    34 |       |       ||    34
       Plate armour      |       |       |       |       |   248 |   101 ||   349
Dodge: Dodged            |    74 |   120 |   212 |   473 |   532 |    74 ||  1485
Block: Other             |       |       |       |       |    66 |    22 ||    88
       Reflection        |       |       |       |       |    11 |     2 ||    13

Levels and vault maps discovered:
D:1:      scummos_arrival_hexagon, layout_basic
D:2:      layout_loops_ring
D:3:      layout_basic, amethyst_overflow_temple_binary,
          gammafunk_ghost_stat_death, hellmonk_ecumenical_altar_arch_garden,
          uniq_robin
D:4:      layout_layer_cave, nicolae_qazlal_general_emergency,
          nicolae_ossuary_entry_monument
D:5:      layout_loops_cross, kennysheep_slug_shrine
D:6:      layout_basic, minmay_temple_entry_butterflies, ebering_ghost_sewer_f,
          uniq_pikel, uniq_eustachio, uniq_grinder
D:7:      layout_gridville, minmay_strange_pillars, uniq_crazy_yiuf_cottage,
          uniq_joseph
D:8:      layout_basic, nicolae_overflow_crystal_walls, amcnicky_altar_gilded,
          grunt_ministairs_2, minmay_fractal_squares_diagonal_5, uniq_erica,
          uniq_grum, uniq_maggie
D:9:      layout_rooms, kennysheep_mini, enter_bailey_2, grunt_ministairs_5
D:10:     minmay_bubble_buster, layout_loops_ring,
          grunt_lair_entry_orc_guard_hut, evilmike_minifort, uniq_amaemon
D:11:     minmay_the_grid_octo_tiled_octocenter
          [minmay_the_grid_octo_thin_diamonds, minmay_the_grid_octo_chip,
          minmay_the_grid_octo_clover, minmay_the_grid_octo_shrine,
          minmay_the_grid_octo_prize_big_c,
          minmay_the_grid_square_5x5_tri_point,
          minmay_the_grid_square_5x5_spiral_small,
          minmay_the_grid_square_5x5_inverted_slash,
          minmay_the_grid_square_5x5_z], layout_irregular_city,
          roderic_nine_men_s_morris
D:12:     layout_irregular_city, zombieorc1_lemuel, enter_trove_2
D:13:     layout_small_grid, skrybe_vaults_entry_preservation,
          nicolae_shop_firing_range, uniq_azrael
D:14:     layout_long_grid, serial_rivers, chequers_serial_rivers_small_b,
          chequers_serial_rivers_marsh, chequers_serial_rivers_room_a,
          chequers_serial_rivers_room_a, chequers_serial_rivers_room_b,
          chequers_serial_rivers_small_a, serial_bayou_shore_b
D:15:     gammafunk_depths_entry_grave, layout_irregular_city,
          minmay_hedge_maze, minmay_misc_feat_x, chequers_serial_rivers_marsh
Temple:   bh_familiar_temple
Lair:1:   layout_cave_pods, minivault_25, minivault_27, serial_bayou_pond_b,
          infiniplex_staircase_pool_2
Lair:2:   layout_chaotic_city, chequers_serial_rivers_micro_d
Lair:3:   layout_roguey, minmay_swamp_entry_worms,
          hellmonk_spider_entry_life_and_decay, st_stairs_7
Lair:4:   layout_gridlike, portal_ice_cave_entry_imps,
          chequers_serial_rivers_room_a
Lair:5:   minmay_lair_end_frog_pond, layout_layer_cave, slime_entry_2,
          gauntlet_entry_generic
Swamp:1:  layout_falls_marsh, nicolae_swamp_some_circles, swamp_pool1,
          nicolae_swamp_dense_foliage
Spider:1: layout_chambers
Orc:1:    layout_caves, uniq_sonja
Orc:2:    grunt_orc_gardens, layout_caves, grunt_orc_garden, grunt_orc_garden,
          grunt_orc_garden, grunt_orc_garden

Notes
Turn   | Place    | Note
-------+----------+-------------------------------------------
     0 | D:1      | stebl the Demonspawn Gladiator began the quest for the Orb.
     0 | D:1      | Reached XP level 1. HP: 16/16 MP: 1/1
   337 | D:1      | Reached skill level 3 in Axes
   372 | D:1      | Gained mutation: You regenerate magic rapidly. [demonic
                  | ancestry]
   372 | D:1      | Reached XP level 2. HP: 8/23 MP: 2/2
   934 | D:1      | Gained mutation: You sometimes gain a little power by
                  | taking damage. [demonic ancestry]
   934 | D:1      | Reached XP level 3. HP: 28/28 MP: 3/3
  2178 | D:2      | Reached skill level 4 in Axes
  2178 | D:2      | Gained mutation: You have large cloven feet. [demonic
                  | ancestry]
  2178 | D:2      | Reached XP level 4. HP: 34/34 MP: 4/4
  2361 | D:3      | Noticed booth's ghost (weakling DsGl)
  2386 | D:3      | Reached skill level 3 in Fighting
  2397 | D:3      | Found a transporter.
  2418 | D:3      | Found a transporter.
  2650 | D:3      | Noticed Robin
  2670 | D:3      | Killed Robin
  2671 | D:3      | Gained mutation: You have hoof-like feet. [demonic
                  | ancestry]
  2671 | D:3      | Reached XP level 5. HP: 23/41 MP: 5/5
  2853 | D:3      | Found a faded altar of an unknown god.
  3177 | D:3      | Found a broken altar of Ashenzari.
  3177 | D:3      | Found an ornate altar of the Wu Jian Council.
  3485 | D:4      | Reached skill level 5 in Axes
  3524 | D:4      | Reached XP level 6. HP: 7/48 MP: 6/6
  3706 | D:4      | Reached skill level 4 in Fighting
  3883 | D:4      | Found a stormy altar of Qazlal.
  3893 | D:4      | Found a sand-covered staircase.
  3902 | Ossuary  | Entered an ossuary
  4069 | Ossuary  | Reached skill level 6 in Axes
  4080 | Ossuary  | Reached XP level 7. HP: 40/55 MP: 7/7
  4231 | Ossuary  | Reached skill level 5 in Fighting
  4247 | Ossuary  | Reached skill level 7 in Axes
  5522 | D:5      | Entered Level 5 of the Dungeon
  5566 | D:5      | Gained mutation: You are partially covered in rugged brown
                  | scales. (AC +1, +3% HP) [demonic ancestry]
  5566 | D:5      | Reached XP level 8. HP: 49/64 MP: 8/8
  6000 | D:5      | Found a snail-covered altar of Cheibriados.
  6214 | D:5      | Reached skill level 6 in Fighting
  6214 | D:5      | Reached skill level 8 in Axes
  6524 | D:6      | Noticed Pikel
  6835 | D:6      | Killed Pikel
  6836 | D:6      | Reached skill level 7 in Fighting
  6836 | D:6      | Reached skill level 9 in Axes
  6836 | D:6      | Reached XP level 9. HP: 74/74 MP: 9/9
  6839 | D:6      | Found a staircase to the Ecumenical Temple.
  6851 | Temple   | Entered the Ecumenical Temple
  7038 | Temple   | Became a worshipper of Warmaster Okawaru
  7074 | D:6      | Found a runed translucent door.
  7074 | D:6      | Noticed soggyman666's ghost (novice MiFi)
  7100 | D:6      | Noticed Grinder
  7111 | D:6      | Paralysed by Grinder for 3 turns
  7125 | D:6      | Killed Grinder
  7126 | D:6      | Reached skill level 1 in Invocations
  7285 | D:6      | Reached skill level 2 in Invocations
  7358 | D:6      | Found a runed translucent door.
  7368 | D:6      | Noticed Eustachio
  7395 | D:6      | Killed Eustachio
  7395 | D:6      | Reached * piety under Okawaru
  7969 | D:3      | Reached skill level 3 in Invocations
  7976 | D:3      | Killed booth's ghost
  7977 | D:3      | Reached skill level 10 in Axes
  8768 | D:7      | Reached skill level 4 in Invocations
  8933 | D:7      | Noticed Joseph
  8945 | D:7      | Killed Joseph
  8945 | D:7      | Reached ** piety under Okawaru
  8946 | D:7      | Reached skill level 8 in Fighting
  8948 | D:7      | Noticed a two-headed ogre
  8958 | D:7      | Killed a two-headed ogre
  8959 | D:7      | Reached skill level 5 in Invocations
  8959 | D:7      | Gained mutation: You are mostly covered in rugged brown
                  | scales. (AC +2, +5% HP) [demonic ancestry]
  8959 | D:7      | Reached XP level 10. HP: 39/84 MP: 13/13
  9261 | D:7      | Reached skill level 11 in Axes
  9579 | D:7      | Found a runed translucent door.
  9580 | D:7      | Noticed Crazy Yiuf
  9585 | D:7      | Killed Crazy Yiuf
  9757 | D:8      | Noticed Maggie
  9770 | D:8      | Killed Maggie
  9771 | D:8      | Reached skill level 6 in Invocations
  9788 | D:8      | Noticed Grum
  9801 | D:8      | Killed Grum
  9827 | D:8      | Noticed Erica
 10019 | D:8      | Found a shadowy altar of Dithmenos.
 10087 | D:8      | Identified the +2 mace of Baguhom {drain, rPois}
 10363 | D:8      | Found a blossoming altar of Fedhas.
 10632 | D:8      | Killed Erica
 10632 | D:8      | Reached *** piety under Okawaru
 10633 | D:8      | Reached skill level 9 in Fighting
 10930 | D:9      | Reached skill level 12 in Axes
 11089 | D:9      | Reached **** piety under Okawaru
 11175 | D:9      | Gained mutation: When hurt, damage is shared between your
                  | health and your magic reserves. [demonic ancestry]
 11175 | D:9      | Reached XP level 11. HP: 68/94 MP: 15/15
 11360 | D:9      | Found a flagged portal.
 11366 | Bailey   | Entered a bailey
 11504 | Bailey   | Received a gift from Okawaru
 11593 | Bailey   | Noticed a vault guard
 11593 | Bailey   | Noticed Prince Ribbit
 11610 | Bailey   | Killed a vault guard
 11611 | Bailey   | Reached skill level 10 in Fighting
 11613 | Bailey   | Killed Prince Ribbit
 11628 | Bailey   | Noticed a vault guard
 11638 | Bailey   | Reached skill level 13 in Axes
 11641 | Bailey   | Killed a vault guard
 11642 | Bailey   | Reached skill level 7 in Invocations
 11937 | D:9      | Found a sacrificial altar of Ru.
 12024 | D:10     | Entered Level 10 of the Dungeon
 12672 | D:10     | Found a staircase to the Lair.
 12874 | D:10     | Reached ***** piety under Okawaru
 12978 | D:10     | Reached skill level 8 in Invocations
 13482 | Lair:1   | Entered Level 1 of the Lair of Beasts
 13523 | Lair:1   | You fall into a shaft and drop 1 floor!
 13548 | Lair:2   | Received a gift from Okawaru
 13579 | Lair:2   | Reached skill level 14 in Axes
 13840 | Lair:1   | Reached skill level 9 in Invocations
 13840 | Lair:1   | Reached XP level 12. HP: 89/103 MP: 16/18
 14006 | Lair:1   | Reached skill level 11 in Fighting
 15583 | Lair:2   | Noticed a six-headed hydra
 15599 | Lair:2   | Killed a two-headed hydra
 15642 | Lair:2   | Reached skill level 10 in Invocations
 15965 | Lair:2   | Noticed a boulder beetle
 16146 | Lair:2   | Reached skill level 15 in Axes
 16332 | Lair:2   | Killed a boulder beetle
 17060 | Lair:3   | Found a hole to the Spider Nest.
 17124 | Lair:3   | Reached skill level 11 in Invocations
 17235 | Lair:3   | Reached skill level 12 in Fighting
 17461 | Lair:3   | Found a staircase to the Swamp.
 17711 | Lair:3   | Identified 2 potions of resistance
 17886 | Lair:4   | Found a frozen archway.
 17893 | Lair:4   | Noticed a four-headed hydra
 17904 | Lair:4   | Reached XP level 13. HP: 85/113 MP: 18/21
 17906 | Lair:4   | Reached ****** piety under Okawaru
 18157 | IceCv    | Entered an ice cave
 18613 | IceCv    | Identified a +2 leather armour of resistance
 18631 | IceCv    | Identified the +0 kite shield of the Thieving Gods {rC+
                  | Str+3} (Okawaru gifted it to you in an ice cave)
 18631 | IceCv    | Received a gift from Okawaru
 18970 | IceCv    | Noticed a frost giant
 18985 | IceCv    | Reached skill level 16 in Axes
 18985 | IceCv    | Reached skill level 12 in Invocations
 18991 | IceCv    | Killed a frost giant
 19543 | Lair:4   | Reached skill level 1 in Armour
 19911 | Lair:4   | Reached skill level 2 in Armour
 19915 | Lair:4   | Reached skill level 13 in Fighting
 20089 | Lair:4   | Identified the +1 robe of Lyubao {rC+ Str+4}
 20347 | Lair:5   | Entered Level 5 of the Lair of Beasts
 20348 | Lair:5   | Found a gate leading to a gauntlet.
 20375 | Lair:5   | Received a gift from Okawaru
 20915 | Lair:5   | Reached skill level 3 in Armour
 21429 | Lair:5   | Gained mutation: You have hooves in place of feet. [demonic
                  | ancestry]
 21429 | Lair:5   | Reached XP level 14. HP: 98/123 MP: 23/23
 21442 | Lair:5   | Reached skill level 17 in Axes
 22238 | Lair:5   | Reached skill level 4 in Armour
 22255 | Lair:5   | Received a gift from Okawaru
 22265 | Lair:5   | Reached skill level 2 in Throwing
 22679 | Lair:5   | Found a runed translucent door.
 22680 | Lair:5   | Found a viscous altar of Jiyva.
 22683 | Lair:5   | Found a staircase to the Slime Pits.
 22687 | Lair:5   | Identified the +5 flail "Zamastreh" {protect, rElec rC+
                  | rCorr Int-3}
 23012 | Lair:5   | Received a gift from Okawaru
 23674 | D:11     | Reached skill level 5 in Armour
 23932 | D:11     | Reached skill level 14 in Fighting
 24035 | D:11     | Found a sparkling altar of Nemelex Xobeh.
 24036 | D:11     | Found a shimmering blue altar of Sif Muna.
 24036 | D:11     | Found a broken altar of Ashenzari.
 24082 | D:11     | Paralysed by an ogre mage for 4 turns
 24208 | D:11     | Identified the +1 battleaxe of the Evil Eye {vorpal, rPois
                  | rC+++ Str-3 Dex-4} (Okawaru gifted it to you on level 11 of
                  | the Dungeon)
 24208 | D:11     | Received a gift from Okawaru
 24287 | D:11     | Identified the +4 chain mail of Mezcal {rPois rC- rCorr}
 24598 | D:11     | Reached skill level 6 in Armour
 24683 | D:11     | Reached skill level 3 in Throwing
 25669 | D:12     | Found a staircase to the Orcish Mines.
 26179 | D:12     | Found a portal to a secret trove of treasure.
 26406 | D:13     | You fall into a shaft and drop 1 floor!
 26452 | D:13     | Noticed Azrael
 26707 | D:14     | Reached XP level 15. HP: 97/133 MP: 17/24
 26869 | D:14     | Received a gift from Okawaru
 26870 | D:14     | Reached skill level 4 in Throwing
 27682 | D:14     | Reached skill level 18 in Axes
 28059 | D:14     | Reached skill level 7 in Armour
 28670 | D:13     | Found a gate to the Vaults.
 29040 | D:13     | Received a gift from Okawaru
 29041 | D:13     | Reached skill level 5 in Throwing
 29201 | D:13     | Found Cokhlog's Firing Range.
 29205 | D:13     | Bought a manual of Throwing for 880 gold pieces
 29478 | D:13     | Killed Azrael
 29716 | D:15     | Entered Level 15 of the Dungeon
 29741 | D:15     | Identified the +6 dagger "Hotot" {distort, rCorr} (Okawaru
                  | gifted it to you on level 15 of the Dungeon)
 29741 | D:15     | Received a gift from Okawaru
 29742 | D:15     | Reached skill level 15 in Fighting
 30081 | D:15     | Reached skill level 6 in Throwing
 30589 | D:15     | Found a staircase to the Depths.
 31079 | D:15     | Reached skill level 8 in Armour
 31119 | D:15     | Reached skill level 7 in Throwing
 31124 | D:15     | Identified the +0 cloak of Free Will {Stlth+} (Okawaru
                  | gifted it to you on level 15 of the Dungeon)
 31124 | D:15     | Received a gift from Okawaru
 31869 | Orc:1    | Entered Level 1 of the Orcish Mines
 32170 | Orc:1    | Noticed Sonja
 32181 | Orc:1    | Killed Sonja
 32543 | Orc:2    | Entered Level 2 of the Orcish Mines
 32703 | Orc:2    | Found Wibe's Jewellery Emporium.
 32999 | Orc:2    | Reached skill level 8 in Throwing
 33062 | Orc:2    | Found Xuofunk's Antique Weapon Emporium.
 33099 | Orc:2    | Identified a +2 robe of resistance
 33170 | Orc:2    | Noticed an orc warlord
 33173 | Arena    | Entered the Arena
 33182 | Arena    | Killed an orc warlord
 33210 | Orc:2    | Reached XP level 16. HP: 110/142 MP: 25/25
 33668 | Orc:2    | Found a staircase to the Elven Halls.
 33697 | Orc:2    | Found Ehuhuw's Antique Armour Shoppe.
 34033 | Orc:2    | Found Ylonnu's General Store.
 34275 | Orc:2    | Bought a scroll of blinking for 97 gold pieces
 34275 | Orc:2    | Bought a scroll of enchant weapon for 97 gold pieces
 34330 | Orc:2    | Bought a ring of poison resistance for 360 gold pieces
 34521 | Spider:1 | Entered Level 1 of the Spider Nest
 34582 | Spider:1 | Reached skill level 9 in Throwing
 34864 | Swamp:1  | Entered Level 1 of the Swamp
 34875 | Swamp:1  | Reached skill level 3 in Dodging
 35176 | Swamp:1  | Identified the +0 hat of Evolution {Rampage Drain rElec
                  | Dex+6} (Okawaru gifted it to you on level 1 of the Swamp)
 35176 | Swamp:1  | Received a gift from Okawaru
 35407 | Swamp:1  | HP: 12/144 [will-o-the-wisp/foxfire (17)]
 35408 | Swamp:1  | Killed from afar by a will-o-the-wisp

Vanquished Creatures
  A frost giant (IceCv)
  2 orc warlords
  An ironbound preserver (D:13)
  A bunyip (Swamp:1)
  An entropy weaver (Spider:1)
  Azrael (D:13)
  5 boulder beetles
  2 vault guards (Bailey)
  8 hydras
  2 ogre magi
  Erica (D:8)
  4 centaur warriors
  A death knight (D:14)
  9 two-headed ogres
  2 tengu warriors (D:14)
  9 death yaks
  An orc high priest (Orc:2)
  3 alligators (Swamp:1)
  Sonja (Orc:1)
  5 skeletal warriors (D:15)
  3 goliath frogs
  A bog body (Swamp:1)
  3 phantasmal warriors
  A lindwurm (Lair:5)
  Pikel (D:6)
  A necromancer (D:15)
  7 orc knights
  2 deep elf pyromancers
  7 orc sorcerers
  11 cyclopes
  10 ugly things
  A sphinx skeleton (D:15)
  3 black mambas
  4 manticores
  20 cane toads
  An ice statue (IceCv)
  Joseph (D:7)
  8 elephants
  A gargoyle (D:11)
  Maggie (D:8)
  A cane toad (shapeshifter) (D:15)
  2 kobold demonologists
  4 rime drakes
  A freezing wraith (D:14)
  9 komodo dragons
  An unseen horror (D:11)
  2 tengu conjurers
  10 trolls
  10 polar bears
  3 tyrant leeches (Lair:5)
  23 blink frogs
  Grinder (D:6)
  A bloated husk (Swamp:1)
  2 tarantellas (Spider:1)
  Prince Ribbit (Bailey)
  3 hornets (Swamp:1)
  5 slime creatures
  6 dream sheep (Lair:4)
  3 spriggans (Swamp:1)
  5 shadows
  4 wyverns
  A culicivora (Lair:3)
  4 humans (Bailey)
  Eustachio (D:6)
  4 basilisks
  2 vampires
  2 fire elementals
  Grum (D:8)
  65 yaks
  5 wraiths
  A steam dragon (Lair:1)
  5 vampire mosquitoes (Lair:5)
  6 wargs
  3 swamp worms
  2 acid dragons
  12 water moccasins
  2 tengu skeletons (D:15)
  2 hell hounds
  A black bear (shapeshifter) (D:13)
  4 ice beasts
  30 orc warriors
  A swamp drake (Swamp:1)
  6 black bears
  A sky beast (D:8)
  9 ogres
  17 centaurs
  A floating eye zombie (D:15)
  40 wolves
  4 lemures (D:6)
  4 elf zombies (Ossuary)
  3 kobold brigands
  A gnoll sergeant (D:8)
  23 bullfrogs
  5 scorpions
  5 wights (D:9)
  14 killer bees
  The ghost of booth the Chopper, a weakling DsGl (D:3)
  2 electric eels
  9 howler monkeys
  4 quasits (D:3)
  3 human zombies (Ossuary)
  10 orc priests
  5 hounds
  2 jellies (Lair:5)
  Crazy Yiuf (D:7)
  4 iguanas
  21 orc wizards
  6 ogre zombies (D:12)
  2 mummies (Ossuary)
  Robin (D:3)
  4 gnolls
  10 adders
  2 shadow imps (D:7)
  16 white imps
  An adder zombie (Ossuary)
  A worm (D:5)
  4 dart slugs
  76 orcs
  7 bats
  6 endoplasms
  A giant cockroach (D:4)
  17 goblins
  8 hobgoblins
  2 jackals (D:2)
  13 kobolds
  6 quokkas
  3 training dummies (D:13)
  5 ball pythons
  A goblin skeleton (D:12)
  A goblin zombie (Ossuary)
  13 hobgoblin zombies
  A jackal zombie (Ossuary)
  10 kobold zombies (Ossuary)
  4 orc skeletons (D:12)
  15 orc zombies
  8 rats
  3 rat zombies (Ossuary)
  A bush (Lair:2)
841 creatures vanquished.

Vanquished Creatures (others)
  A polar bear (IceCv)
  11 foxfires (Swamp:1)
  65 fungi
  92 plants
  2 withered plants (D:15)
171 creatures vanquished.

Grand Total: 1012 creatures vanquished

Table legend: (Time is in decaauts)
 A = Elapsed time spent in this place.
 B = Non-inter-level travel time spent in this place.
 C = Inter-level travel time spent in this place.
 D = Time resting spent in this place.
 E = Time spent auto-exploring this place.
 F = Levels seen in this place.
 G = Mean time per level.
                   A        B        C        D        E       F      G
               +--------+--------+--------+--------+--------+-----+--------+
         Total |  35321 |  33708 |   1613 |  10435 |  15870 |  29 | 1218.0 |
       Dungeon |  20806 |  19753 |   1053 |   5274 |  10383 |  15 | 1387.1 |
        Temple |    216 |    188 |     28 |      0 |    166 |   1 |  216.0 |
          Lair |   9072 |   8670 |    402 |   3446 |   3582 |   5 | 1814.4 |
         Swamp |    533 |    533 |      0 |    357 |     77 |   1 |  533.0 |
   Spider Nest |     47 |     47 |      0 |      0 |      0 |   1 |   47.0 |
  Orcish Mines |   2391 |   2263 |    128 |    526 |   1119 |   2 | 1195.5 |
       Ossuary |    524 |    524 |      0 |    105 |    132 |   1 |  524.0 |
        Bailey |    385 |    385 |      0 |     97 |    106 |   1 |  385.0 |
      Ice Cave |   1316 |   1316 |      0 |    615 |    303 |   1 | 1316.0 |
         Arena |     27 |     27 |      0 |     15 |      0 |   1 |   27.0 |
               +--------+--------+--------+--------+--------+-----+--------+

Top non-repeatable levels by time:
  Lair:5: 2402 daAuts
    D:14: 2186 daAuts
    D:15: 2036 daAuts
  Lair:4: 1982 daAuts
  Lair:1: 1927 daAuts
     D:7: 1844 daAuts
   Orc:2: 1704 daAuts
     D:4: 1660 daAuts
    D:11: 1622 daAuts
    D:10: 1563 daAuts
  Lair:3: 1542 daAuts
     D:1: 1389 daAuts
   IceCv: 1316 daAuts
     D:6: 1283 daAuts
    D:12: 1244 daAuts

Table legend:
 A = Non-vault XP
 B = Vault XP
 C = Vault XP percentage of total XP
 D = Non-vault monster count
 E = Vault monster count
 F = Vault count percentage of total count
                 A         B        C        D         E       F
            +---------+---------+-------+---------+---------+-------
      Total |  103799 |   65720 |  38.8 |     513 |     324 |  38.7
            +---------+---------+-------+---------+---------+-------
        D:1 |      46 |       0 |   0.0 |      18 |       0 |   0.0
        D:2 |      52 |       0 |   0.0 |      18 |       0 |   0.0
        D:3 |     138 |     272 |  66.3 |      23 |      17 |  42.5
        D:4 |     550 |       0 |   0.0 |      24 |       0 |   0.0
        D:5 |     535 |       4 |   0.7 |      22 |       1 |   4.3
        D:6 |     695 |    1123 |  61.8 |      14 |       3 |  17.6
        D:7 |    1789 |     469 |  20.8 |      19 |       2 |   9.5
        D:8 |     489 |    1993 |  80.3 |       9 |      10 |  52.6
        D:9 |    3343 |      48 |   1.4 |      40 |       5 |  11.1
       D:10 |    2558 |    2477 |  49.2 |      17 |      16 |  48.5
       D:11 |    5078 |    9646 |  65.5 |      14 |      25 |  64.1
       D:12 |    3368 |     977 |  22.5 |      14 |      29 |  67.4
       D:13 |    2760 |    6745 |  71.0 |       6 |      13 |  68.4
       D:14 |   13222 |     355 |   2.6 |      25 |       2 |   7.4
       D:15 |   13895 |    4109 |  22.8 |      34 |       8 |  19.0
     Lair:1 |    5019 |     291 |   5.5 |      25 |       2 |   7.4
     Lair:2 |    7371 |       0 |   0.0 |      28 |       0 |   0.0
     Lair:3 |    3544 |     751 |  17.5 |      15 |       4 |  21.1
     Lair:4 |    7560 |     122 |   1.6 |      26 |      12 |  31.6
     Lair:5 |   13635 |   10840 |  44.3 |      35 |      44 |  55.7
    Swamp:1 |    7717 |       0 |   0.0 |      16 |       0 |   0.0
   Spider:1 |    1565 |       0 |   0.0 |       3 |       0 |   0.0
      Orc:1 |    3934 |     772 |  16.4 |      20 |       1 |   4.8
      Orc:2 |    3765 |    8993 |  70.5 |      47 |      27 |  36.5
    Ossuary |       0 |     584 | 100.0 |       0 |      39 | 100.0
     Bailey |       0 |    3150 | 100.0 |       0 |      18 | 100.0
      IceCv |       0 |   11999 | 100.0 |       0 |      46 | 100.0
      Arena |    1171 |       0 |   0.0 |       1 |       0 |   0.0
            +---------+---------+-------+---------+---------+-------
